 Dungeon Crawl Stone Soup version 0.27-a0-1181-g5f64966fcc (webtiles) character file.

Game seed: 9206614895409443560

61 bilbop the Skirmisher (level 3, 0/34 HPs)
             Began as a Minotaur Fighter on May 17, 2021.
             Succumbed to a water moccasin's poison
             ... on level 2 of the Dungeon.
             The game lasted 00:04:15 (1149 turns).

bilbop the Skirmisher (Minotaur Fighter)            Turns: 1149, Time: 00:04:16

Health: 0/34       AC:  7    Str: 20    XL:     3   Next: 83%
Magic:  2/2        EV:  7    Int:  6    God:
Gold:   49         SH:  9    Dex:  9    Spells: 2/2 levels left

rFire    . . .     SeeInvis +   a - +0 trident
rCold    . . .     Faith    .   c - +0 kite shield
rNeg     . . .     Spirit   .   b - +0 scale mail
rPois    .         Reflect  .   (helmet restricted)
rElec    .         Harm     .   (no cloak)
rCorr    .         Rampage  .   (no gloves)
Will     .....                  (no boots)
Stlth    ..........             (no amulet)
HPRegen  0.11/turn              j - ring of see invisible
MPRegen  0.08/turn              (no ring)

@: lethally poisoned (0 -> -6)
A: horns 2, retaliatory headbutt
a: no special abilities


You were on level 2 of the Dungeon.
You visited 1 branch of the dungeon, and saw 2 of its levels.

You collected 49 gold pieces.

Inventory:

Hand Weapons
 a - a +0 trident (weapon)
Armour
 b - a +0 scale mail (worn)
 c - a +0 kite shield (worn)
Jewellery
 j - a ring of see invisible (left hand)
Scrolls
 e - a scroll of fear {unknown}
 f - a scroll of teleportation {unknown}
 h - 2 scrolls of amnesia {unknown}
 l - a scroll of noise {unknown}
Potions
 d - a potion of might
 g - a potion of curing {unknown}
 i - a potion of haste {unknown}
 k - a potion of invisibility {unknown}


   Skills:
 + Level 4.3 Fighting
 + Level 3.3 Polearms
 + Level 4.2 Armour
 + Level 4.2 Shields


You had 2 spell levels left.
You didn't know any spells.
Your spell library was empty.

Dungeon Overview and Level Annotations

Branches:
Dungeon (2/15)

Altars:


Innate Abilities, Weirdness & Mutations

You have a pair of horns on your head.
You reflexively headbutt those who attack you in melee.


Message History

The water moccasin bites you but does no damage.
You puncture the water moccasin!
The water moccasin is heavily wounded.
The water moccasin bites you but does no damage.
The water moccasin bites you.
You are poisoned.
The water moccasin poisons you!
You hit the water moccasin.
Your headbutt misses the water moccasin.
The water moccasin is heavily wounded.
You feel very sick.
You block the water moccasin's attack. x2
You miss the water moccasin.
Your headbutt misses the water moccasin.
The water moccasin is heavily wounded.
You feel sick. The water moccasin bites you! The water moccasin bites you.
You are more poisoned.
The water moccasin poisons you!
You miss the water moccasin.
The water moccasin is heavily wounded.
You feel very sick. The water moccasin closely misses you.
You puncture the water moccasin!
Your headbutt misses the water moccasin.
The water moccasin is almost dead.
* * * LOW HITPOINT WARNING * * *
You feel very sick.
The water moccasin bites you but does no damage.
The water moccasin barely misses you.
You hit the water moccasin.
You headbutt the water moccasin, but do no damage.
The water moccasin is almost dead.
* * * LOW HITPOINT WARNING * * *
You feel sick. The water moccasin bites you.
* * * LOW HITPOINT WARNING * * *
The water moccasin bites you.
* * * LOW HITPOINT WARNING * * *
You barely miss the water moccasin.
The water moccasin is almost dead.
You die...

...##....######...##
.....#.............#
.........##.###...###.#
.........##...........#
####.###.######..######
≈.. #.######..# ≈..
#.........# ..
#########.# #@# #S# #w#
#.# #.# #.# ... ...


You could see a water moccasin and a dart slug.

Vanquished Creatures
  An adder (D:2)
  A worm (D:2)
  2 dart slugs (D:1)
  6 endoplasms
  A giant cockroach (D:1)
  7 goblins
  4 hobgoblins
  6 jackals
  2 kobolds
  A quokka (D:2)
  A ball python (D:1)
  A bat (D:1)
  4 frilled lizards
  3 rats
40 creatures vanquished.

Notes
Turn   | Place    | Note
-------+----------+-------------------------------------------
     0 | D:1      | bilbop the Minotaur Fighter began the quest for the Orb.
     0 | D:1      | Reached XP level 1. HP: 19/19 MP: 0/0
   160 | D:1      | Reached XP level 2. HP: 27/27 MP: 1/1
   418 | D:1      | Reached XP level 3. HP: 20/33 MP: 2/2
  1137 | D:2      | Noticed a water moccasin
  1149 | D:2      | Succumbed to a water moccasin's poison

Illustrated notes

Levels and vault maps discovered:
D:1:      amcnicky_arrival_single_pillar, layout_basic
D:2:      layout_loops_corners, minmay_misc_feat_secret_circle, kennysheep_nub

Skill      XL: |  1  2 |
---------------+-------+-----
Fighting       | 4 |  4.3
Shields        | 4 |  4.2
Armour         | 4 |  4.2
Polearms       | 3 |  3.3

Action                   || total
-------------------------++-------
Melee: Trident           ||    93
       Headbutt          ||    18
Armor: Scale mail        ||    35
Dodge: Dodged            ||    30
Block: Kite shield       ||    38

Table legend: (Time is in decaauts)
 A = Elapsed time spent in this place.
 B = Non-inter-level travel time spent in this place.
 C = Inter-level travel time spent in this place.
 D = Time resting spent in this place.
 E = Time spent auto-exploring this place.
 F = Levels seen in this place.
 G = Mean time per level.
                   A        B        C        D        E       F      G
               +--------+--------+--------+--------+--------+-----+--------+
         Total |   1181 |   1172 |      9 |    117 |    846 |   2 |  590.5 |
       Dungeon |   1181 |   1172 |      9 |    117 |    846 |   2 |  590.5 |
               +--------+--------+--------+--------+--------+-----+--------+

Top non-repeatable levels by time:
     D:1: 836 daAuts
     D:2: 345 daAuts
